 Dungeon Crawl Stone Soup version 0.29-a0-97-g88c9fad16d (webtiles) character file.

Game seed: 7513254767008165063

17907 drugrobin the Spear-Bearer (level 11, -1/104 HPs)
             Began as a Demigod Warper on Feb 13, 2022.
             Slain by a culicivora (19 damage)
             ... on level 2 of the Lair of Beasts.
             The game lasted 00:56:34 (21394 turns).

drugrobin the Spear-Bearer (Demigod Warper)        Turns: 21394, Time: 00:56:34

Health: -1/104     AC:  7    Str: 20    XL:     11   Next: 96%
Magic:  23/24      EV: 12    Int: 13    God:
Gold:   1209       SH:  7    Dex: 21    Spells: 11/22 levels left

rFire   + . .      SeeInvis .   a - +2 demon trident (elec)
rCold   . . .      Faith    .   w - +3 buckler of the Assorted Knives {rF+ Int-2 Dex+4}
rNeg    . . .      Spirit   .   T - +0 troll leather armour
rPois   .          Reflect  .   r - +0 helmet
rElec   .          Harm     .   q - +0 cloak
rCorr   .          Rampage  .   (no gloves)
Will    +....                   D - +0 pair of boots
Stlth   ++........              (no amulet)
HPRegen 1.07/turn               v - ring of wizardry
MPRegen 0.19/turn               J - +4 ring of slaying

@: no status effects
A: high MP 1, forlorn, divine attributes
a: no special abilities


You were on level 2 of the Lair of Beasts.
You visited 3 branches of the dungeon, and saw 14 of its levels.
You also visited: Bailey.

You collected 1277 gold pieces.
You spent 68 gold pieces at shops.

Inventory:

Hand Weapons
 a - a +2 demon trident of electrocution (weapon)
 b - a +0 hunting sling
 G - a +1 hand axe of flaming
 O - a +1 antimagic halberd
 R - a +0 glaive
 V - a +5 hand axe
Missiles
 d - 2 boomerangs of dispersal
 k - 397 stones
 n - 63 sling bullets
 H - 18 boomerangs (quivered)
 M - 12 poisoned darts
 W - 7 javelins
Armour
 q - a +0 cloak (worn)
 r - a +0 helmet (worn)
 w - the +3 buckler of the Assorted Knives (worn) {rF+ Int-2 Dex+4}
   (You found it on level 3 of the Dungeon)

   Int:       It affects your intelligence (-2).
   Dex:       It affects your dexterity (+4).
   rF:        It protects you from fire.
 D - a +0 pair of boots (worn)
 T - a +0 troll leather armour (worn)
Magical Staves
 X - a staff of poison
Jewellery
 l - a +6 ring of intelligence
 v - a ring of wizardry (left hand)
 x - a ring of wizardry
 I - a ring of fire
 J - a +4 ring of slaying (right hand)
Wands
 e - a wand of flame (8)
 f - a wand of iceblast (7)
 m - a wand of charming (5)
 s - a wand of polymorph (4)
 K - a wand of paralysis (5)
Scrolls
 c - a scroll of blinking
 g - 3 scrolls of vulnerability
 h - 3 scrolls of amnesia {unknown}
 i - 3 scrolls of teleportation
 j - a scroll of torment {unknown}
 o - a scroll of fear
 t - a scroll of summoning {unknown}
 u - 3 scrolls of enchant armour
 y - 2 scrolls of magic mapping
 C - 2 scrolls of noise {unknown}
 F - a scroll of enchant weapon {unknown}
 Q - 3 scrolls of fog {unknown}
 U - a scroll of acquirement {unknown}
Potions
 z - 4 potions of curing
 A - 4 potions of flight
 B - 2 potions of lignification
 E - 3 potions of might
 L - a potion of invisibility
 N - a potion of heal wounds
 P - a potion of attraction {unknown}
 S - a potion of brilliance {unknown}


   Skills:
 + Level 11.9 Fighting
 + Level 13.1 Polearms
 - Level 0.8 Throwing
 - Level 0.8 Armour
 - Level 1.7 Dodging
 - Level 6.0 Spellcasting
 - Level 2.6 Translocations


You had 11 spell levels left.
You knew the following spells:

 Your Spells              Type           Power      Damage    Failure   Level
a - Blink                 Tloc           20%        N/A       6%          2
b - Teleport Other        Tloc           10%        N/A       11%         3
c - Foxfire               Conj/Fire      12%        2x1d4     11%         1
d - Poisonous Vapours     Pois/Air       6%         N/A       16%         2
e - Conjure Flame         Conj/Fire      3%         6-21      32%         3

Your spell library contained the following spells:

 Spells                   Type           Power      Damage    Failure   Level
 Gell's Gravitas          Tloc           10%        N/A       11%         3
 Lesser Beckoning         Tloc           10%        N/A       11%         3
 Corpse Rot               Necr/Air       6%         N/A       16%         2
 Sublimation of Blood     Necr           3%         N/A       16%         2
 Inner Flame              Hex/Fire       3%         N/A       32%         3
 Manifold Assault         Tloc           10%        N/A       65%         5
 Cause Fear               Hex            1%         N/A       69%         4
 Dispel Undead            Necr           3%         3d7       69%         4
 Flame Wave               Conj/Fire      3%         2d4       69%         4
 Petrify                  Tmut/Erth      3%         N/A       69%         4
 Summon Ice Beast         Ice/Summ       3%         N/A       69%         4
 Alistair's Intoxication  Tmut/Pois      2%         N/A       95%         5
 Borgnjor's Vile Clutch   Necr/Erth      1%         N/A       95%         5
 Irradiate                Conj/Tmut      1%         3d14      95%         5
 Summon Mana Viper        Hex/Summ       3%         N/A       95%         5
 Death Channel            Necr           1%         N/A       100%        6
 Eringya's Noxious Bog    Tmut/Pois      1%         N/A       100%        6
 Monstrous Menagerie      Summ           1%         N/A       100%        7
 Discord                  Hex            1%         N/A       100%        8


Dungeon Overview and Level Annotations

Branches:
Dungeon (11/15)            Temple (0/1) D:5            Lair (2/6) D:11
    Orc (1/2) D:9          Bailey (visited)
  Swamp: Lair:2-4    Shoals: Lair:2-4     Snake: Lair:2-4    Spider: Lair:2-4

Shops:
D:10 *   D:11 :

Annotations:
D:3 1 runed translucent door, Crazy Yiuf
D:11 Erolcha
Orc:1 2 transporters, Gielil's ghost, journeyman MiBe


Innate Abilities, Weirdness & Mutations

You have an increased reservoir of magic. (+10% MP)
You shall have no god before yourself.
Your divine heritage dramatically boosts your attributes as you level up.


Message History

You hit the culicivora.
The culicivora is heavily wounded.
The culicivora bites you.
The culicivora draws strength from your injuries!
You barely miss the culicivora.
The culicivora is heavily wounded.
The culicivora bites you!
The culicivora draws strength from your injuries!
You hit the culicivora.
The culicivora is heavily wounded.
The culicivora misses you.
You barely miss the culicivora.
The culicivora is heavily wounded.
The culicivora bites you!!
The culicivora draws strength from your injuries!
You puncture the culicivora!
The culicivora is moderately wounded.
The culicivora bites you!!
The culicivora draws strength from your injuries!
You block the blink frog's attack.
You hit the culicivora.
The culicivora is heavily wounded.
The culicivora bites you!!
* * * LOW HITPOINT WARNING * * *
The culicivora draws strength from your injuries!
You block the blink frog's attack.
Unknown command.
Casting: Foxfire (safe; 11% risk of failure)
Confirm with . or Enter, or press ? or * to list all spells.
You blink.
The blink frog blinks!
You block the culicivora's attack.
Unknown command.
The culicivora barely misses you.
Found 17 gold pieces.
Blink to where?
Press: ? - help, Dir - move target
As you read the scroll of blinking, it crumbles to dust.
The blink frog blinks!
You feel stable enough to blink again.
The blink frog blinks!
The culicivora bites you!!
You die...

...## ...# ....#
...# #..# #..##
#...## ####@...#
#...†s..##
###......# #
#..§#..#.##...
....F...#§.......
##.......§.......
#.....###.......
#...... .......
##...... .......


You could see a culicivora and a blink frog.

Vanquished Creatures
  2 two-headed ogres (D:11)
  3 orc high priests
  Urug (D:11)
  Pikel (D:8)
  An oklob plant (D:11)
  A wolf spider (D:11)
  A manticore (D:10)
  2 black mambas (Lair:1)
  A gargoyle (D:11)
  2 unseen horrors
  3 cane toads (Lair:1)
  A kobold demonologist (D:10)
  2 komodo dragons
  2 trolls
  6 blink frogs
  A shadow (D:11)
  2 wyverns (Lair:1)
  5 yaks (D:11)
  2 wraiths
  4 wargs
  An acid dragon (D:10)
  5 water moccasins
  An ice beast (D:6)
  13 orc warriors
  A sky beast (D:6)
  2 black bears
  2 necrophages
  7 ogres
  4 centaurs
  A phantom (D:4)
  2 bullfrogs
  A kobold brigand (D:10)
  6 scorpions
  A wyvern zombie (D:9)
  4 killer bees (D:8)
  5 wights
  2 howler monkeys (D:10)
  2 bullfrog zombies
  2 centaur zombies
  3 centaur skeletons
  3 hounds
  3 bullfrog skeletons
  2 gnoll shamans
  8 orc priests
  3 jellies
  3 iguanas
  Natasha (thrice) (D:3)
  12 orc wizards
  A hound zombie (D:5)
  A howler monkey zombie (D:10)
  14 gnolls
  7 adders
  2 shadow imps
  2 white imps
  An ufetubus (D:4)
  3 worms
  2 dart slugs
  63 orcs
  3 ball pythons
  8 bats
  5 endoplasms
  3 giant cockroaches
  15 goblins
  7 hobgoblins
  A jackal (D:3)
  3 quokkas
  2 frilled lizards
  21 kobolds
  7 rats
316 creatures vanquished.

Vanquished Creatures (collateral kills)
  2 foxfires (D:4)
2 creatures vanquished.

Vanquished Creatures (others)
  203 foxfires
  3 fungi (Lair:1)
  35 plants
241 creatures vanquished.

Grand Total: 559 creatures vanquished

Notes
Turn   | Place    | Note
-------+----------+-------------------------------------------
     0 | D:1      | drugrobin the Demigod Warper began the quest for the Orb.
     0 | D:1      | Reached XP level 1. HP: 17/17 MP: 5/5
    76 | D:1      | Reached skill level 2 in Polearms
   632 | D:1      | Reached XP level 2. HP: 24/24 MP: 7/7
   899 | D:1      | Reached skill level 3 in Polearms
  1019 | D:1      | Learned a level 2 spell: Blink
  1434 | D:2      | Reached XP level 3. HP: 26/29 MP: 8/8
  1596 | D:2      | Reached skill level 4 in Polearms
  1849 | D:2      | Reached XP level 4. HP: 16/36 MP: 9/9
  2316 | D:3      | Learned a level 3 spell: Teleport Other
  2319 | D:3      | Identified the +3 buckler of the Assorted Knives {rF+ Int-2
                  | Dex+4}
  3099 | D:3      | Noticed Natasha
  3125 | D:3      | Killed Natasha
  3126 | D:3      | Reached skill level 5 in Polearms
  3126 | D:3      | Reached XP level 5. HP: 15/41 MP: 10/10
  3514 | D:3      | Found a runed translucent door.
  3515 | D:3      | Noticed Crazy Yiuf
  3560 | D:3      | Noticed Natasha
  3576 | D:3      | Killed Natasha
  3643 | D:3      | Noticed Natasha
  3662 | D:3      | Killed Natasha
  4379 | D:4      | Reached skill level 6 in Polearms
  4430 | D:4      | Reached XP level 6. HP: 42/48 MP: 11/11
  5721 | D:4      | Learned a level 1 spell: Foxfire
  5740 | D:4      | Reached XP level 7. HP: 52/57 MP: 9/12
  5937 | D:4      | Reached skill level 7 in Polearms
  6492 | D:5      | Entered Level 5 of the Dungeon
  7110 | D:5      | Found a staircase to the Ecumenical Temple.
  7278 | D:5      | Identified the +1 flail "Roabykhlyr" {protect, rC+}
  7604 | D:5      | Reached skill level 5 in Fighting
  8169 | D:4      | Reached XP level 8. HP: 31/60 MP: 5/13
  9144 | D:6      | Reached skill level 8 in Polearms
 10860 | D:6      | Reached skill level 9 in Polearms
 11146 | D:7      | Found a flagged portal.
 11155 | Bailey   | Entered a bailey
 11331 | Bailey   | Reached XP level 9. HP: 79/79 MP: 12/14
 12930 | D:8      | Reached skill level 10 in Polearms
 12967 | D:8      | Noticed Pikel
 12993 | D:8      | Killed Pikel
 14166 | D:9      | Learned a level 2 spell: Poisonous Vapours
 14191 | D:9      | Reached XP level 10. HP: 50/90 MP: 18/20
 14474 | D:9      | Found a staircase to the Orcish Mines.
 14869 | Orc:1    | Entered Level 1 of the Orcish Mines
 15307 | Orc:1    | Found a transporter.
 15318 | Orc:1    | Noticed an orc high priest
 15493 | D:9      | Noticed a soul eater
 15494 | D:9      | Killed an orc high priest
 15495 | D:9      | Reached skill level 5 in Spellcasting
 16208 | Orc:1    | Noticed an orc high priest
 16227 | Orc:1    | Found a transporter.
 16759 | Orc:1    | Noticed a rust devil
 16939 | D:10     | Entered Level 10 of the Dungeon
 16990 | D:10     | Noticed a sixfirhy
 17202 | D:9      | Killed an orc high priest
 17203 | D:9      | Reached skill level 11 in Polearms
 17505 | Orc:1    | Noticed Gielil's ghost (journeyman MiBe)
 17632 | Orc:1    | Noticed a moth of wrath
 17649 | Orc:1    | Noticed an orc warlord
 17700 | Orc:1    | Noticed an orc high priest
 17710 | Orc:1    | Noticed a soul eater
 17711 | Orc:1    | Killed an orc high priest
 17720 | Orc:1    | Noticed an orc sorcerer
 18323 | Orc:1    | Noticed an orc warlord
 18329 | Orc:1    | Noticed an orc sorcerer
 18943 | D:10     | Noticed a manticore
 18967 | D:10     | Killed a manticore
 18968 | D:10     | Reached skill level 10 in Fighting
 18968 | D:10     | Reached XP level 11. HP: 51/99 MP: 24/24
 19123 | D:10     | Found Weguomam's Assorted Antiques.
 19129 | D:10     | Bought a scroll of identify for 68 gold pieces
 19527 | D:11     | HP: 2/99 [wolf spider (10)]
 19651 | D:11     | Noticed a two-headed ogre
 19729 | D:11     | Noticed Erolcha
 19851 | D:11     | Found Xoli's Book Shop.
 19858 | D:11     | Learned a level 3 spell: Conjure Flame
 19935 | D:11     | Noticed Urug
 19951 | D:11     | Killed Urug
 19973 | D:11     | Reached skill level 12 in Polearms
 20006 | D:11     | Found a staircase to the Lair.
 20227 | D:11     | Noticed a two-headed ogre
 20246 | D:11     | Killed a two-headed ogre
 20308 | D:11     | Killed a two-headed ogre
 20550 | Lair:1   | Entered Level 1 of the Lair of Beasts
 20919 | Lair:1   | Reached skill level 13 in Polearms
 21394 | Lair:2   | Slain by a culicivora

Illustrated notes

Levels and vault maps discovered:
D:1:      nicolae_arrival_washed_ashore, layout_basic
D:2:      layout_basic, hangedman_decor_push
D:3:      layout_basic, nicolae_gozag_cash_rules_everything_around_me,
          serial_rivers, chequers_serial_rivers_micro_e,
          chequers_serial_rivers_marsh, chequers_serial_rivers_micro_d,
          chequers_serial_rivers_micro_e, chequers_serial_rivers_small_b,
          chequers_serial_rivers_micro_d, minmay_goblin_outpost,
          uniq_crazy_yiuf_cottage, uniq_natasha
D:4:      layout_basic, nicolae_vehumet_altar_sigil, serial_bayou,
          serial_bayou_pond_e, serial_bayou_shore_a, serial_bayou_pond_b,
          serial_bayou_lagoon_a, serial_bayou_pond_a, minmay_ruined_shrine
D:5:      layout_cave_pods, minmay_temple_entry_fiery
D:6:      layout_gridville
D:7:      layout_basic, gammafunk_temple_overflow_elements, enter_bailey_8
D:8:      layout_basic, nicolae_ashenzari_panopticon, uniq_pikel
D:9:      layout_basic, kennysheep_little_box, nicolae_tso_swordbearing_angel,
          orc_0_dummy
D:10:     layout_loops_ring, serial_shops, nicolae_shop_overgrown_old_shop,
          st_stairs_2
D:11:     layout_loops_ring, dpeg_oklobed_lair, serial_shops,
          nicolae_shop_behind_doors, uniq_urug, uniq_erolcha
Lair:1:   layout_loops_ring
Lair:2:   layout_gridlike, hellmonk_spider_entry_life_and_decay
Orc:1:    layout_diamond_mine, gammafunk_ghost_berserking_beasts

Skill      XL: |  1  2  3  4  5  6  7  8  9 10 11 |
---------------+----------------------------------+-----
Polearms       | 2 3 4 5 6 7 9 10 11 13 | 13.1
Fighting       | 3 5 7 8 10 11 | 11.9
Spellcasting   | 4 6 |  6.0
Throwing       | |  0.8
Armour         | |  0.8
Dodging        | |  1.7
Translocations | |  2.6

Action                   |  1- 3 |  4- 6 |  7- 9 | 10-12 || total
-------------------------+-------+-------+-------+-------++-------
Melee: Spear             |    99 |   277 |   175 |       ||   551
       Hand axe          |    46 |       |   325 |   281 ||   652
       Punch             |     1 |       |       |       ||     1
       Halberd           |       |       |       |     4 ||     4
       Hunting sling     |       |       |       |     1 ||     1
       Demon trident     |       |       |       |   136 ||   136
 Fire: Hunting sling     |       |    57 |    58 |    21 ||   136
Throw: Stone             |     1 |     2 |     9 |       ||    12
       Dart              |       |     6 |     8 |     9 ||    23
       Boomerang         |       |       |    20 |    30 ||    50
 Cast: Blink             |     1 |     3 |    12 |     6 ||    22
       Foxfire           |       |     3 |   100 |    17 ||   120
       Teleport Other    |       |       |     3 |     4 ||     7
       Conjure Flame     |       |       |       |     3 ||     3
Evoke: Wand              |       |     3 |     7 |     9 ||    19
  Use: Potion            |       |     1 |       |     3 ||     4
       Scroll            |       |       |    10 |     6 ||    16
 Stab: Sleeping          |     3 |       |     4 |     2 ||     9
       Paralysed         |       |       |       |    11 ||    11
Armor: Leather armour    |    38 |    54 |   111 |    35 ||   238
       Troll leather arm |       |       |       |    42 ||    42
Dodge: Dodged            |    89 |   102 |   216 |   152 ||   559
Block: Buckler           |       |    76 |   165 |   104 ||   345

Table legend: (Time is in decaauts)
 A = Elapsed time spent in this place.
 B = Non-inter-level travel time spent in this place.
 C = Inter-level travel time spent in this place.
 D = Time resting spent in this place.
 E = Time spent auto-exploring this place.
 F = Levels seen in this place.
 G = Mean time per level.
                   A        B        C        D        E       F      G
               +--------+--------+--------+--------+--------+-----+--------+
         Total |  21412 |  20813 |    599 |   5491 |  10858 |  15 | 1427.5 |
       Dungeon |  18684 |  18123 |    561 |   4932 |   9528 |  11 | 1698.5 |
          Lair |    819 |    782 |     37 |     69 |    541 |   2 |  409.5 |
  Orcish Mines |   1257 |   1257 |      0 |    332 |    519 |   1 | 1257.0 |
        Bailey |    651 |    651 |      0 |    157 |    270 |   1 |  651.0 |
               +--------+--------+--------+--------+--------+-----+--------+

Top non-repeatable levels by time:
     D:4: 3026 daAuts
     D:9: 3013 daAuts
     D:3: 2447 daAuts
     D:6: 2038 daAuts
     D:8: 1512 daAuts
     D:1: 1351 daAuts
     D:5: 1327 daAuts
   Orc:1: 1257 daAuts
    D:11: 1073 daAuts
    D:10: 1073 daAuts
     D:2: 939 daAuts
     D:7: 880 daAuts
  Lair:1: 799 daAuts
  Bailey: 651 daAuts
  Lair:2: 20 daAuts
